 Dungeon Crawl Stone Soup version 0.17.0-7-gfadd4cc (webtiles) character file.

448 septik the Firebug (level 6, -6/32 HPs)
             Began as a Deep Elf Fire Elementalist on Nov 8, 2015.
             Mangled by a centaur (8 damage)
             ... on level 5 of the Dungeon.
             The game lasted 00:15:54 (3959 turns).

septik the Firebug (Deep Elf Fire Elementalist)     Turns: 3959, Time: 00:15:54

Health: -6/32      AC:  3    Str:  5    XL:     6   Next: 73%
Magic:  0/13       EV: 13    Int: 22    God:
Gold:   91         SH:  0    Dex: 15    Spells: 2 memorised, 8 levels left

rFire  . . .     SeeInvis .     g - +0 short sword
rCold  . . .     Clarity  .     x - +0 robe (curse)
rNeg   . . .     SustAt   .     (no shield)
rPois  .         Gourm    .     (no helmet)
rElec  .         Spirit   .     (no cloak)
rCorr  .         Warding  .     (no gloves)
rMut   .         Stasis   .     t - +0 pair of boots
MR     .....                    (no amulet)
Stlth  ++........               (no ring)
                                (no ring)

@: not resistant to hostile enchantments, unstealthy
A: no striking features
a: no special abilities


You were on level 5 of the Dungeon.
You were not hungry.

You visited 1 branch of the dungeon, and saw 5 of its levels.
You also visited: Ossuary.

You collected 91 gold pieces.

Inventory:

Hand Weapons
 g - a +0 short sword (weapon)
Missiles
 d - 13 arrows of flame
 j - 176 stones (quivered)
 k - 17 sling bullets
Armour
 a - a +0 robe
 t - a +0 pair of boots (worn)
 x - a cursed +0 robe (worn)
Jewellery
 v - an uncursed ring of poison resistance {unknown}
Wands
 s - a wand of enslavement (11)
Scrolls
 f - 5 scrolls of remove curse
 h - 10 scrolls of identify
 m - 3 scrolls of random uselessness
 o - 2 scrolls of fog
 u - a scroll of noise
 y - a scroll of teleportation
 D - a scroll of magic mapping {unknown}
 E - a scroll of amnesia {unknown}
Potions
 e - 3 potions of haste {unknown}
 i - 3 potions of heal wounds {unknown}
 l - 3 potions of flight {unknown}
 n - 2 potions of invisibility {unknown}
 p - a potion of magic {unknown}
 r - 2 potions of cure mutation {unknown}
 z - a potion of might {unknown}
 A - 2 potions of mutation {unknown}
 B - 2 potions of poison {unknown}
Books
 b - a book of Flames

   Spells                             Type                      Level
   a - Flame Tongue                   Conjuration/Fire             1
   b - Throw Flame                    Conjuration/Fire             2
   c - Conjure Flame                  Conjuration/Fire             3
   d - Inner Flame                    Hexes/Fire                   3
   e - Sticky Flame                   Conjuration/Fire             4
   f - Fireball                       Conjuration/Fire             5
Comestibles
 c - 4 bread rations
 q - a meat ration
 w - a slice of pizza


   Skills:
 - Level 2.4 Dodging
 - Level 2.4 Stealth
 - Level 3.5 Spellcasting
 * Level 5.4 Conjurations
 + Level 6.2 Fire Magic


You had 8 spell levels left.
You knew the following spells:

 Your Spells              Type           Power        Failure   Level  Hunger
a - Flame Tongue          Conj/Fire      ####.        1%          1    None
b - Conjure Flame         Conj/Fire      ####....     3%          3    ###....


Dungeon Overview and Level Annotations

Branches:
Dungeon (5/15)
 Temple: D:4-7

Altars:
Gozag
Xom

Shops:
D:3 *

Annotations:
D:2 exclusion: downstairs
D:3 Sigmund
D:4 Eustachio


Message History

The centaur hits you.
* * * LOW HITPOINT WARNING * * *
Casting: Flame Tongue
Confirm with . or Enter, or press ? or * to list all spells.
Aiming: Flame Tongue
Press: ? - help, Shift-Dir - straight line, f/p - centaur
Aim: a centaur (heavily wounded)
The flame tongue hits the centaur.
The centaur is severely wounded.
The centaur hits you.
* * * LOW HITPOINT WARNING * * *
Casting: Flame Tongue
Confirm with . or Enter, or press ? or * to list all spells.
Aiming: Flame Tongue
Press: ? - help, Shift-Dir - straight line, f/p - centaur
Aim: a centaur (severely wounded)
The flame tongue hits the centaur.
The centaur is severely wounded.
The centaur barely misses you. The centaur hits you!
You die...

# #.
#.##########
#..(........
#..@..#######
#.c.†<.......
#.....#######
#.....+
#.....#
#......
########


You could see a centaur.

Vanquished Creatures
  An ogre (D:4)
  A scorpion (D:4)
  A hound (D:4)
  13 mummies (Ossuary)
  4 adders
  An ooze (D:2)
  3 worms (D:2)
  2 orcs
  7 goblins
  8 hobgoblins
  6 kobolds
  4 quokkas
  A ball python (D:4)
  10 bats
  5 giant cockroaches
  2 giant geckos (D:1)
  2 giant newts
  3 gnoll skeletons (Ossuary)
  A goblin skeleton (Ossuary)
  11 jackals
  3 kobold skeletons (Ossuary)
  An orc skeleton (Ossuary)
  10 rats
  11 rat skeletons (Ossuary)
111 creatures vanquished.

Notes
Turn   | Place    | Note
--------------------------------------------------------------
     0 | D:1      | septik the Deep Elf Fire Elementalist began the quest for the Orb.
     0 | D:1      | Reached XP level 1. HP: 10/10 MP: 6/6
   303 | D:1      | Reached XP level 2. HP: 15/15 MP: 5/8
   447 | D:1      | Reached skill level 4 in Fire Magic
   897 | D:2      | Reached XP level 3. HP: 10/19 MP: 5/9
  1451 | D:2      | Learned a level 3 spell: Conjure Flame
  1795 | D:2      | Reached XP level 4. HP: 18/24 MP: 8/11
  1989 | D:3      | Found an opulent altar of Gozag.
  1992 | D:3      | Found Gozag's Platinum Reserve.
  2003 | D:3      | Noticed Sigmund
  2036 | D:3      | HP: 1/24 [something/puff of flame (11)]
  2983 | D:4      | Reached skill level 5 in Fire Magic
  2983 | D:4      | Reached XP level 5. HP: 24/28 MP: 12/12
  3015 | D:4      | Noticed an ogre
  3025 | D:4      | Killed an ogre
  3079 | D:4      | Found a shimmering altar of Xom.
  3102 | D:4      | Found a sand-covered staircase.
  3107 | Ossuary  | Entered an ossuary
  3220 | Ossuary  | Reached XP level 6. HP: 32/32 MP: 11/13
  3446 | Ossuary  | Reached skill level 5 in Conjurations
  3481 | Ossuary  | Reached skill level 6 in Fire Magic
  3914 | D:4      | Noticed Eustachio
  3948 | D:5      | Entered Level 5 of the Dungeon
  3959 | D:5      | Mangled by a centaur

Action                   |  1- 3 |  4- 6 || total
-------------------------+-------+-------++-------
Melee: Short sword       |    32 |    54 ||    86
Throw: Stone             |     1 |       ||     1
 Cast: Flame Tongue      |    64 |   114 ||   178
       Conjure Flame     |       |     8 ||     8
  Use: Scroll            |       |     5 ||     5
 Stab: Sleeping          |     5 |     5 ||    10
  Eat: Chunk             |     3 |     4 ||     7
       Bread ration      |       |     1 ||     1
